 Dungeon Crawl Stone Soup version 0.26.0-45-g9c1d065592 (webtiles) character file.

Game seed: 11494717651504770244

155 kaeus the Stinger (level 5, -2/34 HPs)
             Began as an Octopode Venom Mage on Jan 30, 2021.
             Was an Initiate of Gozag.
             Slain by an orc wizard
             ... wielding a +0 dagger
              (3 damage)
             ... on level 5 of the Dungeon.
             The game lasted 00:03:11 (4525 turns).

kaeus the Stinger (Octopode Venom Mage)             Turns: 4525, Time: 00:03:12

Health: -2/34      AC:  1    Str:  7    XL:     5   Next: 37%
Magic:  18/18      EV: 13    Int: 18    God:    Gozag
Gold:   174        SH:  0    Dex: 13    Spells: 1/9 levels left

rFire    . . .     SeeInvis .   a - +0 mace
rCold    . . .     Faith    .   (no shield)
rNeg     . . .     Spirit   .   (helmet restricted)
rPois    .         Reflect  .   (no amulet)
rElec    .         Harm     .   (no ring)
rCorr    .         Rampage  .   g - ring of magical power
Will     .....                  (no ring)
Stlth    +++.......             (no ring)
HPRegen  0.11/turn              (no ring)
MPRegen  0.16/turn              (no ring)
                                (no ring)
                                (no ring)

@: no status effects
A: almost no armour, stealthy swim, amphibious, 8 rings, constrict 8, camouflage
1, gelatinous body 1
a: Renounce Religion, Potion Petition, Call Merchant, Bribe Branch


You were on level 5 of the Dungeon.
You worshipped Gozag.
Gozag was aware of your devotion.
You visited 1 branch of the dungeon, and saw 5 of its levels.

You collected 216 gold pieces.
You paid 42 gold pieces to Gozag.

Inventory:

Hand Weapons
 a - a +0 mace (weapon)
Jewellery
 g - a ring of magical power (right tentacle)
Scrolls
 b - 2 scrolls of enchant armour
 d - a scroll of remove curse
 h - 6 scrolls of teleportation
 j - a scroll of blinking {unknown}
 n - a scroll of fog {unknown}
 p - a scroll of identify
Potions
 c - 2 potions of magic
 e - 2 potions of brilliance
 f - a potion of curing
 i - a potion of heal wounds {unknown}
 k - a potion of haste {unknown}
 l - a potion of berserk rage {unknown}
 m - a potion of resistance {unknown}
 o - a potion of flight {unknown}


   Skills:
 + Level 1.6 Fighting
 - Level 2.0 Dodging
 - Level 2.6 Stealth
 + Level 2.7 Spellcasting
 * Level 2.9 Transmutations
 + Level 0.3 Fire Magic
 - Level 5.0 Poison Magic


You had one spell level left.
You knew the following spells:

 Your Spells              Type           Power        Failure   Level
a - Sting                 Tmut/Pois      64%          3%          1
b - Ignite Poison         Fire/Tmut/Pois 12%          16%         3
c - Olgreb's Toxic Radia  Pois           20%          22%         4

Your spell library contained the following spells:

 Spells                   Type           Power        Failure   Level
 Corona                   Hex            2%           17%         1
 Poisonous Vapours        Pois/Air       22%          9%          2
 Ensorcelled Hibernation  Hex/Ice        4%           26%         2
 Mephitic Cloud           Conj/Pois/Air  8%           26%         3
 Confusing Touch          Hex            2%           45%         3
 Dazzling Flash           Conj/Hex       4%           45%         3
 Tukima's Dance           Hex            2%           45%         3


Dungeon Overview and Level Annotations

Branches:
Dungeon (5/15)             Temple (0/1) D:5

Altars:
Gozag
Okawaru
Wu Jian


Innate Abilities, Weirdness & Mutations

You cannot wear most types of armour.
You are very stealthy in the water. (Stealth+)
You are amphibious.
You can wear up to eight rings at the same time.
You can use your tentacles to constrict eight enemies at once.
Your skin changes colour to match your surroundings (Stealth+).
Your rubbery body absorbs attacks. (AC +1, EV +1)


Message History

You regained 2 hp, and now have 7/34 hp.
The adder barely misses you. Something hits you.
* * * LOW HITPOINT WARNING * * *
There is a stone staircase leading down here.
You take 1 damage, and have 6/34 hp.
Something hits you.
* * * LOW HITPOINT WARNING * * *
You climb downwards.
Reactivating autopickup. 2 jackals come into view.
Found a staircase to the Ecumenical Temple.
There is a stone staircase leading up here.
You take 2 damage, and have 4/34 hp.
It was a potion of magic.
Magic courses through your body. Something hits you.
* * * LOW HITPOINT WARNING * * *
Deactivating autopickup; reactivate with Ctrl-A.
Something hits you.
You die...
Your body crumbles into a pile of gold.

.. .#.# .# .#
.#.##.# ..
...... ######.
..#.### $
.....h.#.......
#...........#
..#.......#
#......@h.#
#...........#
##.............
.......#....#..
...#... .......
>. ###. ....#.#
$ . .. ..... .
.# #...#.


You could see 2 jackals.

Vanquished Creatures
  Terence (D:3)
  A hound zombie (D:2)
  3 adders
  2 oozes
  5 worms
  2 dart slugs
  3 leopard geckos
  4 orcs (D:4)
  2 goblins
  3 hobgoblins
  3 jackals (D:2)
  9 kobolds
  2 quokkas (D:2)
  7 bats
  4 frilled lizards
  9 rats
60 creatures vanquished.

Notes
Turn   | Place    | Note
-------+----------+-------------------------------------------
     0 | D:1      | kaeus the Octopode Venom Mage began the quest for the Orb.
     0 | D:1      | Reached XP level 1. HP: 11/11 MP: 3/3
   257 | D:1      | Reached XP level 2. HP: 18/18 MP: 3/5
   770 | D:1      | Reached skill level 4 in Poison Magic
  1199 | D:2      | Reached skill level 1 in Fighting
  1199 | D:2      | Reached XP level 3. HP: 18/23 MP: 3/6
  1203 | D:2      | Learned a level 3 spell: Ignite Poison
  1277 | D:2      | HP: 1/23 [adder (2)]
  1914 | D:2      | Reached XP level 4. HP: 23/28 MP: 7/7
  2669 | D:2      | You fall into a shaft and drop 1 floor!
  2773 | D:3      | Found an iron altar of Okawaru.
  2795 | D:3      | Noticed Terence
  2809 | D:3      | Killed Terence
  2810 | D:3      | Reached XP level 5. HP: 9/33 MP: 3/8
  3291 | D:2      | Learned a level 4 spell: Olgreb's Toxic Radiance
  3658 | D:3      | Found an ornate altar of the Wu Jian Council.
  3658 | D:3      | Found an opulent altar of Gozag.
  4121 | D:3      | Reached skill level 5 in Poison Magic
  4300 | D:3      | Became a worshipper of Gozag Ym Sagoz the Greedy
  4524 | D:5      | Entered Level 5 of the Dungeon
  4524 | D:5      | Found a staircase to the Ecumenical Temple.
  4525 | D:5      | HP: 1/34 [something (3)]
  4525 | D:5      | Slain by an orc wizard

Illustrated notes

Levels and vault maps discovered:
D:1:      erik_arrival_cave_to_civilisation [erik_arrival_cave_to_hall],
          layout_basic, chequers_serial_rivers_micro_d
D:2:      layout_loops_ring
D:3:      layout_basic, amethyst_overflow_temple_binary,
          okawaru_metal_pillars_1_2, uniq_terence
D:4:      layout_basic, vehumet_altar_wand_db
D:5:      layout_basic, minmay_temple_entry_tees, serial_undead,
          serial_undead_d, serial_undead_c, serial_undead_f, serial_undead_e,
          chequers_serial_rivers_micro_a

Skill      XL: |  1  2  3  4  5 |
---------------+----------------+-----
Poison Magic   | 4 5 |  5.0
Fighting       | 1 |  1.6
Transmutations | 2 |  2.9
Dodging        | |  2.0
Stealth        | |  2.6
Spellcasting   | |  2.7
Fire Magic     | |  0.3

Action                   |  1- 3 |  4- 6 || total
-------------------------+-------+-------++-------
Melee: Mace              |    40 |    52 ||    92
       Constrict         |     8 |    14 ||    22
       Tentacles         |     2 |     8 ||    10
 Cast: Sting             |    37 |    44 ||    81
  Use: Scroll            |     3 |     1 ||     4
       Potion            |     2 |     2 ||     4
Armor: Skin              |    20 |     4 ||    24
Dodge: Dodged            |    23 |    38 ||    61
